 Dungeon Crawl Stone Soup version 0.19-a0-1682-g5114f93 (webtiles) character file.

8838 HungrySpirit the Covert (level 11, -3/64 HPs)
             Began as an Octopode Assassin on Sept 24, 2016.
             Was an Elder of Okawaru.
             Slain by a crocodile (10 damage)
             ... on level 1 of the Lair of Beasts.
             The game lasted 00:25:25 (13300 turns).

HungrySpirit the Covert (Octopode Assassin)        Turns: 13300, Time: 00:25:26

Health: -3/64      AC:  2    Str: 10    XL:     11   Next: 37%
Magic:  11/11      EV: 21    Int: 15    God:    Okawaru [****..]
Gold:   208        SH:  3    Dex: 16    Spells: 0 memorised, 10 levels left

rFire  . . .     SeeInvis .     a - +5 short sword (venom)
rCold  + . .     Gourm    .     (no shield)
rNeg   + . .     Faith    .     (helmet restricted)
rPois  .         Spirit   .     G - +3 amulet of reflection
rElec  .         Dismiss  .     L - ring of positive energy
rCorr  .         Reflect  +     d - ring of protection from cold
MR     .....     Harm     .     (no ring)
Stlth  +++++++...               (no ring)
                                (no ring)
                                (no ring)
                                (no ring)
                                (no ring)

@: no status effects
A: almost no armour, stealthy swim, amphibious, 8 rings, constrict 8, camouflage
1, gelatinous body 1
a: Heroism, Renounce Religion


You were on level 1 of the Lair of Beasts.
You worshipped Okawaru.
Okawaru was greatly pleased with you.
You were not hungry.

You visited 3 branches of the dungeon, and saw 12 of its levels.

You collected 571 gold pieces.
You spent 363 gold pieces at shops.

Inventory:

Hand Weapons
 a - a +5 short sword of venom (weapon)
 Q - a +0 scimitar of flaming
Missiles
 J - 2 throwing nets (quivered)
Jewellery
 d - a ring of protection from cold (right tentacle)
 G - a +3 amulet of reflection (around mantle)
 L - a ring of positive energy (left tentacle)
Wands
 b - a wand of flame (19/48)
 o - a wand of acid (2/15)
 F - a wand of slowing (25/48)
 H - a wand of random effects (0/48)
 N - a wand of acid (10/15)
 O - a wand of teleportation (7/9)
 R - a wand of acid (4/15)
Scrolls
 g - 4 scrolls of teleportation
 j - a scroll of immolation
 k - 2 scrolls of remove curse
 p - 4 scrolls of enchant weapon
 u - 4 scrolls of amnesia
 x - 4 scrolls of recharging
 y - 2 scrolls of enchant armour {unknown}
 C - 4 scrolls of magic mapping {unknown}
 D - 5 scrolls of identify
 K - 2 scrolls of holy word {unknown}
Potions
 c - a potion of flight {unknown}
 e - 9 potions of curing
 h - 2 potions of degeneration
 q - a potion of agility
 r - a potion of lignification
 v - a potion of mutation {unknown}
 w - a potion of might
 z - 2 potions of cancellation {unknown}
 A - 2 potions of invisibility {unknown}
 E - a potion of berserk rage {unknown}
 I - a potion of beneficial mutation {unknown}
 M - a potion of ambrosia {unknown}
 P - 2 potions of resistance {unknown}
Books
 i - a book of Air

   Spells                             Type                      Level
   a - Shock                          Conjuration/Air              1
   b - Swiftness                      Charms/Air                   2
   c - Repel Missiles                 Charms/Air                   2
   d - Static Discharge               Conjuration/Air              3
   e - Lightning Bolt                 Conjuration/Air              5
Comestibles
 f - 17 bread rations
 l - 4 chunks of flesh
 s - 2 slices of pizza
 t - 6 meat rations
 B - 7 beef jerkies


   Skills:
 - Level 2.0 Fighting
 * Level 11.0 Short Blades
 - Level 2.0 Throwing
 * Level 11.2 Dodging
 + Level 11.8 Stealth


You had 10 spell levels left.
You didn't know any spells.

Dungeon Overview and Level Annotations

Branches:
Dungeon (10/15)            Temple (1/1) D:6            Lair (1/6) D:8
    Orc (0/2) D:9

Altars:
Ashenzari
Cheibriados
Dithmenos
Elyvilon
Fedhas
Gozag
Hepliaklqana
Kikubaaqudgha
Makhleb
Nemelex Xobeh
Okawaru
Qazlal
Ru
Sif Muna
Trog
Uskayaw
Vehumet
Xom
Yredelemnul
Zin
The Shining One

Shops:
D:6 %   D:8 *   D:10 }:=

Annotations:
D:10 wazuzu's ghost, journeyman HOFi


Innate Abilities, Weirdness & Mutations

You cannot wear most types of armour.
You are very stealthy in the water.
You are amphibious.
You can wear up to eight rings at the same time.
You can use your tentacles to constrict eight enemies at once.
Your skin changes colour to match your surroundings (Stealth+).
Your rubbery body absorbs attacks. (AC +1, EV +1)


Message History

You swing at nothing.
You hit the crocodile.
The crocodile is poisoned.
You squeeze the crocodile!
The crocodile is moderately wounded.
You hit the crocodile but do no damage.
The crocodile looks as sick as possible!
The crocodile is moderately wounded.
The crocodile bites you!
You hit the crocodile.
The crocodile is heavily wounded.
You closely miss the crocodile.
The crocodile is heavily wounded.
The crocodile bites you!
* * * LOW HITPOINT WARNING * * *
You hear an angry hiss.
You barely miss the crocodile.
The crocodile is severely wounded.
You hit the crocodile. Your squeeze misses the crocodile.
The crocodile is severely wounded.
The crocodile bites you!
You die... .# .# .# .# .## ## .(############### ... ## ................#### l.t. #. ................#tr## lt..l

#.
................@#.r#..r≈≈.
#. .......?.........##tt.t#
#. .................###..##
#. ...####.#.##.#...# ..#
## .### ##########.###.####
# . ##...###≈≈## #### .
#.....†≈≈≈≈###.†#
##≈≈≈≈≈≈≈≈≈≈≈..†#
#≈≈####≈#≈≈...##


You could see a crocodile and a river rat.

Vanquished Creatures
  Erica (D:8)
  A centaur zombie (D:10)
  Maurice (D:8)
  A spiny frog (Lair:1)
  A komodo dragon (Lair:1)
  The ghost of HungrySpirit the Sneak, a novice OpAs (D:5)
  A two-headed ogre (D:10)
  A wyvern (D:9)
  A steam dragon (D:9)
  2 water moccasins (Lair:1)
  5 orc warriors
  2 sky beasts (D:8)
  5 ogres
  3 ice beasts
  4 black bears
  5 centaurs
  9 crocodiles
  Blork the orc (D:4)
  2 big kobolds
  4 bullfrogs
  A wyvern skeleton (D:7)
  3 scorpions
  11 killer bees
  2 electric eels (D:7)
  A howler monkey (D:6)
  A wasp zombie (D:9)
  6 crimson imps
  A quasit (D:7)
  6 orc priests
  4 hounds
  14 orc wizards
  2 bullfrog skeletons (D:6)
  A gnoll shaman (D:3)
  8 iguanas
  Natasha (thrice) (D:3)
  5 worker ants
  A hound skeleton (D:8)
  A howler monkey skeleton (D:9)
  9 gnolls
  19 adders
  7 river rats (Lair:1)
  An ooze (D:1)
  An adder skeleton (D:7)
  An adder zombie (D:7)
  2 worms
  5 dart slugs
  8 leopard geckos
  45 orcs
  7 giant cockroaches
  5 goblins
  5 hobgoblins
  21 jackals
  20 kobolds
  4 quokkas
  2 ball pythons
  4 bats
  8 frilled lizards
  A leopard gecko zombie (D:7)
  A quokka skeleton (D:6)
  16 rats
314 creatures vanquished.

Notes
Turn   | Place    | Note
-------+----------+-------------------------------------------
     0 | D:1      | HungrySpirit the Octopode Assassin began the quest for the Orb.
     0 | D:1      | Reached XP level 1. HP: 14/14 MP: 1/1
    40 | D:1      | Reached XP level 2. HP: 12/19 MP: 2/2
   315 | D:1      | Reached XP level 3. HP: 24/24 MP: 3/3
  1215 | D:2      | Reached XP level 4. HP: 29/29 MP: 4/4
  1920 | D:2      | Reached XP level 5. HP: 17/34 MP: 5/5
  2046 | D:3      | Found a glowing silver altar of Zin.
  2048 | D:3      | Noticed an angel
  2199 | D:3      | Found a stormy altar of Qazlal.
  2864 | D:3      | Found a shimmering altar of Xom.
  2879 | D:3      | Noticed Natasha
  2882 | D:3      | Killed Natasha
  2882 | D:3      | Reached XP level 6. HP: 35/39 MP: 6/6
  3013 | D:3      | Noticed Natasha
  3029 | D:3      | Killed Natasha
  3098 | D:4      | Noticed Blork the orc
  3118 | D:4      | Killed Blork the orc
  3187 | D:3      | Noticed Natasha
  3190 | D:3      | Killed Natasha
  3331 | D:4      | Reached XP level 7. HP: 20/45 MP: 7/7
  3777 | D:3      | Reached skill level 5 in Dodging
  3801 | D:4      | Reached skill level 5 in Short Blades
  4434 | D:5      | Entered Level 5 of the Dungeon
  4445 | D:5      | Found a shattered altar of Ashenzari.
  4537 | D:5      | Found a burning altar of Makhleb.
  5351 | D:5      | Reached XP level 8. HP: 39/50 MP: 8/8
  5360 | D:5      | Noticed HungrySpirit's ghost (novice OpAs)
  5637 | D:5      | Killed HungrySpirit's ghost
  5839 | D:5      | Found a white marble altar of Elyvilon.
  6381 | D:6      | Found a staircase to the Ecumenical Temple.
  6431 | Temple   | Entered the Ecumenical Temple
  6471 | Temple   | Became a worshipper of Warmaster Okawaru
  6564 | D:6      | Reached XP level 9. HP: 42/54 MP: 9/9
  6856 | D:6      | Found Qobrial's Food Shop.
  6883 | D:6      | Found a snail-covered altar of Cheibriados.
  7257 | D:6      | Found a deep blue altar of Sif Muna.
  7789 | D:7      | Reached * piety under Okawaru
  8240 | D:7      | Found a bloodstained altar of Trog.
  8558 | D:7      | Found a shadowy altar of Dithmenos.
  9048 | D:7      | Reached ** piety under Okawaru
  9266 | D:8      | Noticed Maurice
  9328 | D:8      | Killed Maurice
  9328 | D:8      | Reached skill level 10 in Stealth
  9328 | D:8      | Reached XP level 10. HP: 60/60 MP: 10/10
  9335 | D:8      | Found a staircase to the Lair.
  9405 | D:8      | Found Ryesedgh's Changing Room.
  9802 | D:8      | Noticed Erica
  9809 | D:8      | Killed Erica
  9809 | D:8      | Reached *** piety under Okawaru
  9809 | D:8      | Received a gift from Okawaru
 10112 | D:9      | Found a radiant altar of Vehumet.
 10375 | D:9      | Reached skill level 10 in Dodging
 10597 | D:9      | Reached skill level 10 in Short Blades
 10718 | D:9      | Found a staircase to the Orcish Mines.
 10943 | D:9      | Reached **** piety under Okawaru
 11163 | D:9      | Found a blossoming altar of Fedhas.
 11367 | D:9      | Received a gift from Okawaru
 11382 | D:10     | Entered Level 10 of the Dungeon
 11403 | D:10     | Found Xukaraz's Gadget Shop.
 11409 | D:10     | Bought a wand of teleportation (7/9) for 363 gold pieces
 11634 | D:10     | Found Buebloul's Jewellery Emporium.
 11735 | D:10     | Reached XP level 11. HP: 64/64 MP: 11/11
 11904 | D:10     | Found Benirei's Book Boutique.
 12126 | D:10     | Noticed wazuzu's ghost (journeyman HOFi)
 12615 | D:9      | Received a gift from Okawaru
 12866 | Lair:1   | Entered Level 1 of the Lair of Beasts
 13300 | Lair:1   | Slain by a crocodile

Vault maps used:
D:1:      erik_arrival_orb_chamber, minmay_misc_feat_iff
D:3:      lemuel_doored_altar, grunt_temple_overflow_order_and_chaos_1,
          corexii_leaking_fountain, uniq_natasha
D:4:      first_bread, uniq_blork_the_orc
D:5:      lemuel_crystal_altar, elyvilon_altar_4, nicolae_ashenzari_panopticon
D:6:      kennysheep_six_static_rooms, kennysheep_little_box,
          kennysheep_mini_moat, serial_shops, shop
D:7:      trog_ov_bears_minmay, nicolae_dithmenos_through_a_glass_darkly,
          serial_bayou, serial_bayou_crossing, serial_bayou_pond_d,
          serial_bayou_pond_e, serial_bayou_shore_b, grunt_ogre_cave,
          hangedman_decor_peaks_small, kennysheep_generic_room_9
D:8:      lair_0_dummy, nicolae_transmutations_shop, uniq_erica, uniq_maurice
D:9:      nicolae_overflow_crystal_walls, david_orc_2, vehumet_altar_wand_db
D:10:     special_room, serial_shops, shop, shop, shop_statue, shop_fountains,
          shop, uniq_urug
Temple:   cyrus_temple_forest
Lair:1:   lemuel_reptile_caves, nicolae_lair_grove_arrangements

Skill      XL: |  1  2  3  4  5  6  7  8  9 10 11 |
---------------+----------------------------------+-----
Dodging        | 2 3 4 5 7 9 10 11 | 11.2
Short Blades   | 3 4 5 7 9 10 11 | 11.0
Stealth        | 6 7 8 10 11 | 11.8
Fighting       | |  2.0
Throwing       | |  2.0

Action                   |  1- 3 |  4- 6 |  7- 9 | 10-12 || total
-------------------------+-------+-------+-------+-------++-------
Melee: Dagger            |    82 |   120 |   459 |    74 ||   735
       Constrict         |    15 |    26 |    69 |    59 ||   169
       Tentacles         |    10 |    22 |    90 |    60 ||   182
       Short sword       |       |       |       |   289 ||   289
 Fire: Blowgun           |       |       |    16 |       ||    16
Throw: Throwing net      |       |       |       |     1 ||     1
Invok: Heroism           |       |       |       |     1 ||     1
Evoke: Wand              |       |       |     4 |    46 ||    50
  Use: Potion            |       |     2 |     3 |     3 ||     8
       Scroll            |       |       |     7 |    10 ||    17
 Stab: Sleeping          |    10 |    12 |    19 |    24 ||    65
       Distracted        |       |       |       |     1 ||     1
       Held in net/web   |       |       |       |     1 ||     1
  Eat: Chunk             |       |     8 |    16 |    13 ||    37
       Fruit             |       |       |     3 |       ||     3
Armor: Skin              |     9 |    11 |    11 |     8 ||    39
Dodge: Dodged            |    44 |    70 |   192 |   196 ||   502
Block: Other             |       |       |    36 |    22 ||    58
